 Dungeon Crawl Stone Soup version 0.23-a0-290-g290e36d (webtiles) character file.

5 Amnesiac the Digger (level 1, 0/7 HPs)
             Began as a Felid Earth Elementalist on Oct 3, 2018.
             Slain by a jackal (2 damage)
             ... on level 2 of the Dungeon.
             The game lasted 00:00:41 (154 turns).

Amnesiac the Digger (Felid Earth Elementalist)       Turns: 154, Time: 00:00:42

Health: 0/7        AC:  1    Str:  4    XL:     1   Next: 66%
Magic:  4/4        EV: 18    Int: 16    God:
Gold:   14         SH:  0    Dex: 16    Spells: 3/4 levels left
                                        Lives:  0   Deaths: 0

rFire    . . .     SeeInvis +   (weapon unavailable)
rCold    . . .     Gourm    .   (shield unavailable)
rNeg     . . .     Faith    .   (armour unavailable)
rPois    .         Spirit   .   (helmet unavailable)
rElec    .         Reflect  .   (cloak unavailable)
rCorr    .         Harm     .   (gloves unavailable)
MR       .....                  (boots unavailable)
Stlth    +++.......             (no amulet)
HPRegen  0.02/turn              (no ring)
MPRegen  0.09/turn              (no ring)

@: quick
A: very small, no armour, no weapons or thrown items, stealth, claws 1, fangs 3,
see invisible, carnivore, speed 1, shaggy fur 1, slow metabolism 1, sharp paws
a: no special abilities


You were on level 2 of the Dungeon.
You were not hungry.

You visited 1 branch of the dungeon, and saw 2 of its levels.

You collected 14 gold pieces.

Inventory:

Missiles
 b - 30 stones
Scrolls
 a - a scroll of immolation {!r, unknown}
 d - 2 scrolls of identify {!r, unknown}
Potions
 e - a potion of flight {!q, unknown}
 g - a potion of curing {!q, unknown}
Comestibles
 c - a ration
 f - a chunk of flesh


   Skills:
 - Level 2.6 Dodging
 - Level 2.6 Stealth
 + Level 0.3 Unarmed Combat
 + Level 2.1 Spellcasting
   Level 1.1 Transmutations
 * Level 2.9 Earth Magic


You had 3 spell levels left.
You knew the following spells:

 Your Spells              Type           Power        Failure   Level  Hunger
a - Sandblast             Erth           ##....       6%          1    #......

Your spell library contained the following spells:

 Spells                   Type           Power        Failure   Level  Hunger
 Passwall                 Tmut/Erth      #.......     14%         2    ###....
 Stone Arrow              Conj/Erth      #.....       34%         3    ###....
 Petrify                  Tmut/Erth      #.......     65%         4    #####..
 Lee's Rapid Deconstruct  Erth           ##........   86%         5    ######.


Dungeon Overview and Level Annotations

Branches:
Dungeon (2/15)

Altars:


Innate Abilities, Weirdness & Mutations

You cannot wear armour.
You are incapable of wielding weapons or throwing items.
Your paws allow you to move quietly. (Stealth)
You have sharp claws.
You have razor-sharp teeth.
You have supernaturally acute eyesight. (SInv)
You are carnivorous and can eat meat at any time.
You cover ground quickly.
You are covered in fur. (AC +1)
You have a slow metabolism.
Your sharp claws are effective at attacking unaware monsters.


Message History

A bat comes into view.
A bat is nearby!
You barely miss the bat. The bat hits you but does no damage.
You scratch the bat.
You kill the bat!
No target in view!
No target in view!
Found a hand axe.
d - 2 scrolls labeled ANARES GOKLA {!r} You see here a hand axe.
Found a club.
You see here a club.
A bat comes into view.
A bat is nearby!
A bat is nearby!
Found a cyan potion.
Found a fizzy purple potion.
Found a stone staircase leading up.
A rat comes into view.
You pounce on the unaware helpless bat!
You scratch the bat.
You kill the bat!
You see here a bat corpse.
You butcher the bat corpse.
Things that are here:
a chunk of flesh; a bat skeleton The rat misses you.
You closely miss the rat. You bite the rat.
You kill the rat!
No target in view!
f - a chunk of flesh You see here a bat skeleton.
A rat comes into view.
You see here a cyan potion {!q}.
e - a fizzy purple potion {!q} You see here a cyan potion {!q}.
g - a cyan potion {!q} The rat bites you.
There is a stone staircase leading up, spattered with blood here.
You barely miss the rat.
A jackal comes into view.
The rat bites you.
The jackal barks!
You scratch the rat.
The rat is heavily wounded.
The rat closely misses you.
You scratch the rat but do no damage.
The rat is heavily wounded.
A jackal comes into view.
The rat misses you.
The jackal barks!
You scratch the rat but do no damage.
The rat is heavily wounded.
The rat twitches its whiskers.
The rat misses you.
You scratch the rat.
You kill the rat!
The jackal misses you.
A jackal comes into view.
The jackal barks!
You scratch the jackal but do no damage.
The jackal bites you.
* * * LOW HITPOINT WARNING * * *
You miss the jackal. The jackal bites you.
You die...

.# #..# #.# #.## #.# #.#
# #.# #.# #. #.# #.# #..
#.####.# #.# #...
######......# #.#
#....#....÷.############
#.#
#...........hh@........#
#.#
#....#......##########.#
#.# #... #..h...# #.#
#.# #.. #....<.#
#)####.# #..........†#
#......# # ............
######## ....#..♣....♣..
...♣.♣♣♣♣♣♣♣♣ .# ....♣ #


You could see 3 jackals.

Vanquished Creatures
  4 bats
  A frilled lizard (D:1)
  2 rats (D:2)
7 creatures vanquished.

Notes
Turn   | Place    | Note
-------+----------+-------------------------------------------
     0 | D:1      | Amnesiac the Felid Earth Elementalist began the quest for
                  | the Orb.
     0 | D:1      | Reached XP level 1. HP: 7/7 MP: 4/4
   154 | D:2      | Slain by a jackal

Vault maps used:
D:1:      onia_arrival_pentagram, serial_corexii_hall, corexii_hall_statues_i,
          corexii_hall_statues_l, minmay_misc_feat_nine_boxes
D:2:      minmay_kobold_bridge, chequers_ecumenical_altar_grove,
          guppyfry_early_orc_mine, uniq_jessica

Action                   || total
-------------------------++-------
Melee: Unarmed           ||    14
       Bite              ||     1
 Stab: Sleeping          ||     3
Armor: Skin              ||     1
Dodge: Dodged            ||     6

Table legend:
 A = Non-vault XP
 B = Vault XP
 C = Vault XP percentage of total XP
 D = Non-vault monster count
 E = Vault monster count
 F = Vault count percentage of total count
                 A         B        C        D         E       F
            +---------+---------+-------+---------+---------+-------
      Total |       8 |       0 |   0.0 |       7 |       0 |   0.0
            +---------+---------+-------+---------+---------+-------
        D:1 |       3 |       0 |   0.0 |       2 |       0 |   0.0
        D:2 |       5 |       0 |   0.0 |       5 |       0 |   0.0
            +---------+---------+-------+---------+---------+-------
